 Dungeon Crawl Stone Soup version 0.28.0-53-g5a82cb258f (webtiles) character file.

Game seed: 3303656690992052518

31 roboicarus the Skirmisher (level 3, 0/29 HPs)
             Began as a Human Berserker on May 27, 2022.
             Was a Follower of Qazlal.
             Succumbed to a goblin's poison
             ... on level 2 of the Dungeon.
             The game lasted 00:13:25 (1284 turns).

roboicarus the Skirmisher (Human Berserker)         Turns: 1284, Time: 00:13:26

Health: 0/29       AC:  2    Str: 16 (19) XL:     3   Next: 40%
Magic:  3/3        EV: 12    Int:  7      God:    Qazlal [*.....]
Gold:   49         SH:  2    Dex: 12      Spells: 2/2 levels left

rFire   . . .      SeeInvis .   a - +0 hand axe
rCold   + . .      Faith    .   (no shield)
rNeg    . . .      Spirit   .   b - +0 animal skin
rPois   .          Reflect  .   (helmet restricted)
rElec   .          Harm     .   (no cloak)
rCorr   .          Rampage  .   (no gloves)
Will    .....                   (no boots)
Stlth   +.........              (no amulet)
HPRegen 0.09/turn               (no ring)
MPRegen 0.08/turn               (no ring)

@: lethally poisoned (0 -> -13)
A: horns 1, cold resistance 1, inability to read while threatened
a: Renounce Religion


You were on level 2 of the Dungeon.
You worshipped Qazlal.
Qazlal was aware of your devotion.
You visited 1 branch of the dungeon, and saw 2 of its levels.

You collected 49 gold pieces.

Inventory:

Hand Weapons
 a - a +0 hand axe (weapon)
Armour
 b - a +0 animal skin (worn)
 c - a +1 helmet
Jewellery
 d - a ring of protection from fire
Scrolls
 e - 2 scrolls of summoning
 f - a scroll of vulnerability {unknown}


   Skills:
 + Level 3.5 Fighting
 + Level 3.5 Axes
 + Level 2.1 Armour
 + Level 2.2 Dodging
 + Level 0.1 Stealth


You had 2 spell levels left.
You didn't know any spells.
Your spell library contained the following spells:

 Spells                   Type           Power      Damage    Failure   Level
 Sublimation of Blood     Necr           0%         N/A       56%         2
 Confusing Touch          Hex            0%         N/A       80%         3
 Petrify                  Tmut/Erth      0%         N/A       99%         4
 Irradiate                Conj/Tmut      0%         3d13      100%        5
 Yara's Violent Unravell  Hex/Tmut       0%         3d3       100%        5
 Enfeeble                 Hex            0%         N/A       100%        7


Dungeon Overview and Level Annotations

Branches:
Dungeon (2/15)

Altars:
Qazlal

Shops:
D:1 [:*(


Innate Abilities, Weirdness & Mutations

You have a pair of small horns on your head.
Your flesh is cold resistant. (rC+)
You sometimes lose the ability to read scrolls when taking damage.


Message History

You block the goblin's attack.
You closely miss the goblin. You headbutt the goblin.
You kill the goblin!
Qazlal accepts your kill.
d - a ring of protection from fire You see here a +0 dagger.
e - 3 scrolls labelled ALYANA ACAA
f - a scroll labelled KALOPYU AQEIV
As you read the scroll labelled ALYANA ACAA, it crumbles to dust.
Wisps of shadow whirl around you...
It was a scroll of summoning.
Trog's voice booms out, "Feel my wrath!"
You feel weakened.
The divine experience drains your vigour!
You feel yourself slow down.
A goblin comes into view. It is wielding a +0 dagger of venom.
The goblin throws a stone.
The stone hits you but does no damage.
A rat comes into view.
You feel yourself speed up.
The goblin hits you with a +0 dagger of venom.
You are poisoned.
You closely miss the goblin.
You feel sick.
The goblin hits you with a +0 dagger of venom.
You feel threatened and lose the ability to read scrolls!
You are lethally poisoned!
You closely miss the goblin.
You feel very sick. You block the goblin's attack.
The goblin hits you with a +0 dagger of venom.
You are more poisoned.
You hit the goblin.
You kill the goblin!
Qazlal accepts your kill.
* * * LOW HITPOINT WARNING * * *
You feel very sick.
You swap places.
* * * LOW HITPOINT WARNING * * *
You feel very sick.
You swap places.
You can read scrolls again.
You die...

.. ##### .# ...## .# #.
...# .# #. #..# .# #.
#..# .# ##.
#..#######.#### ###..##
#...JKl@gS....#
#.....####.########)##.#
#.###............# .#
.................. ..
#........##..###.. ...
......>..##..# ....
#.............. ....r
.......(.#..#### ......
)#............


You could see an endoplasm, a friendly goblin (summoned), a friendly ball python
(summoned), a friendly kobold (summoned) and a friendly frilled lizard
(summoned).

Vanquished Creatures
  A dart slug (D:1)
  2 endoplasms
  4 goblins
  3 hobgoblins
  2 jackals (D:2)
  2 kobolds (D:1)
  A quokka (D:1)
  A ball python (D:1)
  A bat (D:1)
  6 frilled lizards
  6 rats (D:1)
29 creatures vanquished.

Notes
Turn   | Place    | Note
-------+----------+-------------------------------------------
     0 | D:1      | roboicarus the Human Berserker began the quest for the Orb.
     0 | D:1      | Reached XP level 1. HP: 18/18 MP: 1/1
   309 | D:1      | Found Taloemep's Book Boutique.
   350 | D:1      | Reached XP level 2. HP: 5/24 MP: 2/2
   700 | D:1      | Found Wuschasoff's General Store.
   728 | D:1      | Found Faogeps's Antique Weapon Emporium.
   733 | D:1      | Gained mutation: You have a pair of small horns on your
                  | head. [potion of mutation]
   733 | D:1      | Gained mutation: You sometimes lose the ability to read
                  | scrolls when taking damage. [potion of mutation]
   733 | D:1      | Gained mutation: Your flesh is cold resistant. (rC+)
                  | [potion of mutation]
  1055 | D:1      | Found Woggaegg's Antique Armour Shop.
  1059 | D:1      | Found a faded altar of an unknown god.
  1072 | D:1      | Reached XP level 3. HP: 28/29 MP: 3/3
  1083 | D:1      | Prayed at the altar of an unknown god.
  1083 | D:1      | Fell from the grace of Trog
  1083 | D:1      | Became a worshipper of Qazlal Stormbringer
  1083 | D:1      | Reached * piety under Qazlal
  1284 | D:2      | Succumbed to a goblin's poison

Illustrated notes

Levels and vault maps discovered:
D:1:      minmay_arrival_shattered_statue, layout_basic, basic_ecumenical_altar,
          serial_shops, shop, shop, shop, shop
D:2:      layout_loops_ring, nicolae_elevator_lobby_plus

Action                   || total
-------------------------++-------
Melee: Hand axe          ||    69
       Headbutt          ||     6
  Use: Potion            ||     2
       Scroll            ||     3
Armor: Animal skin       ||    11
Dodge: Dodged            ||    33
Block: Other             ||     3
